Map: [ESL] Hecate

Players

Firefly - Winner!

  • Race: Protoss Protoss
  • Spawn Location: 1:00

Coffee

  • Race: Terran Terran
  • Spawn Location: 7:00

Event: ESL SC2 Masters 2023 Winter (Regional)

VOD

Have the link to the VOD?

Description

Time

  • Played on: Nov. 10, 2023, 6:15 a.m.
  • Length: 10:57

All games in this series

Show
View Real Time Build Order
Export as new Build Order

Firefly Protoss - Winner!

Build Orders: 1 Gate Expand 

Get SALT Encoding   

  12  0:00  Probe  
  13  0:12  Probe  
  14  0:17  Pylon  
  14  0:24  Probe  
  15  0:35  Gateway  
  15  0:36  Probe  
  16  0:48  Probe  
  17  1:06  Nexus  
  17  1:11  Assimilator  
  17  1:14  Probe  
  18  1:24  Cybernetics Core  
  18  1:28  Probe  
  19  1:34  Pylon  
  19  1:40  Probe  
  19  1:44  Warp Gate (Chrono Boost)  
  20  1:52  Gateway, Probe  
  21  1:59  Adept (Chrono Boost)  
  21  2:04  Probe  
  24  2:15  Gateway  
  24  2:18  Probe  
  24  2:20  Probe  
  26  2:31  Probe  
  26  2:32  Probe  
  26  2:33  Adept  
  30  2:39  Adept  
  30  2:43  Probe  
  33  2:45  Probe  
  33  2:48  Pylon  
  34  2:55  Shield Battery, Probe  
  34  2:57  Probe  
  36  3:07  Probe  
  36  3:09  Probe  
  38  3:18  Adept  
  38  3:19  Probe, Assimilator, Adept x2  
  45  3:23  Pylon  
  45  3:24  Probe  
  46  3:33  Probe  
  47  3:39  Probe  
  47  3:41  Stalker x2  
  52  3:45  Stalker  
  52  3:47  Probe  
  55  3:51  Probe  
  55  3:52  Assimilator  
  56  3:59  Probe  
  57  4:07  Probe  
  57  4:09  Twilight Council  
  56  4:11  Probe  
  56  4:15  Shield Battery  
  57  4:19  Probe  
  57  4:23  Probe  
  59  4:25  Robotics Facility  
  59  4:31  Assimilator, Probe  
  60  4:33  Pylon  
  60  4:37  Probe  
  60  4:38  Pylon  
  61  4:42  Blink (Chrono Boost)  
  61  4:43  Probe  
  61  4:44  Pylon  
  62  4:47  Gateway  
  62  5:02  Nexus  
  62  5:03  Probe x2  
  64  5:20  Observer (Chrono Boost)  
  57  5:22  Observer  
  57  5:25  Stalker x3  
  57  5:26  Probe  
  57  5:27  Probe  
  60  5:35  Observer (Chrono Boost)  
  60  5:38  Probe  
  60  5:39  Probe  
  63  5:44  Stalker  
  65  5:50  Pylon  
  65  5:52  Stalker x2  
  70  5:57  Observer  
  70  6:00  Probe x2  
  72  6:05  Gateway  
  72  6:06  Gateway  
  72  6:08  Stalker, Forge  
  72  6:11  Pylon  
  74  6:15  Stalker x2  
  74  6:16  Probe x2  
  74  6:17  Probe  
  74  6:18  Charge (Chrono Boost)  
  81  6:24  Gateway x2  
  81  6:28  Shield Battery  
  81  6:29  Probe x2  
  81  6:31  Probe  
  77  6:47  Stalker x3  
  79  7:00  Protoss Ground Weapons Level 1 (Chrono Boost)  
  79  7:03  Warp Prism (Chrono Boost), Probe x3  
  79  7:04  Stalker x2  
  79  7:05  Pylon  
  88  7:14  Stalker x3  
  94  7:19  Pylon  
  93  7:26  Probe  
  93  7:27  Probe x2  
  96  7:32  Sentry x2  
  96  7:33  Sentry, Zealot  
  104  7:38  Pylon  
  104  7:42  Pylon  
  104  7:45  Probe  
  104  7:49  Nexus  
  105  7:55  Zealot x6  
  116  8:07  Zealot  
  116  8:11  Gateway  
  118  8:14  Pylon  
  118  8:16  Gateway  
  118  8:18  Gateway  
  110  8:27  Probe  
  110  8:28  Probe  
  110  8:31  Zealot  
  110  8:32  Zealot x6  
  126  8:34  Protoss Ground Armor Level 1 (Chrono Boost)  
  126  8:36  Probe  
  126  8:40  Photon Cannon, Probe  
  128  8:45  Forge  
  128  8:46  Pylon  
  128  8:49  Pylon  
  128  8:50  Probe x2  
  128  8:52  Shield Battery  
  130  8:56  Stalker  
  130  8:57  Stalker  
  130  9:00  Photon Cannon  
  134  9:04  Stalker x2  
  134  9:07  Stalker  
  140  9:11  Stalker  
  142  9:23  Zealot x4  
  150  9:27  Photon Cannon  
  150  9:30  Photon Cannon  
  150  9:31  Stalker  
  150  9:33  Observer (Chrono Boost)  
  149  9:42  Photon Cannon  
  149  9:47  Zealot x3  
  153  9:59  Stalker x5  
  162  10:09  Zealot x4  
  162  10:13  Zealot  
  168  10:35  Zealot x10  
Show
View Real Time Build Order
Export as new Build Order

Coffee Terran 

Build Orders: Cyclone Opening, Gas First Reaper Expand 

Get SALT Encoding   

  12  0:00  SCV  
  13  0:12  SCV  
  14  0:17  Supply Depot  
  14  0:24  SCV  
  14  0:27  Refinery  
  15  0:38  SCV  
  16  0:44  Barracks  
  16  0:50  SCV  
  17  1:02  SCV  
  18  1:14  SCV  
  19  1:31  Orbital Command, Reaper  
  20  1:43  Command Center  
  20  1:52  Factory  
  20  1:57  SCV  
  21  2:05  Barracks Reactor  
  21  2:06  Supply Depot  
  21  2:09  SCV  
  21  2:13  Refinery  
  22  2:21  SCV  
  23  2:33  SCV  
  24  2:38  Cyclone  
  26  2:44  Marine x2  
  26  2:45  SCV  
  26  2:50  Starport  
  29  2:55  Orbital Command  
  29  2:57  SCV  
  30  3:02  Marine x2  
  32  3:11  Orbital Command, SCV  
  33  3:13  Factory Tech Lab  
  32  3:22  Marine x2  
  32  3:23  SCV  
  35  3:29  Starport Tech Lab  
  35  3:32  Siege Tank, Supply Depot  
  38  3:37  SCV  
  38  3:40  Marine x2  
  41  3:46  Cloaking Field  
  41  3:50  SCV  
  42  3:56  Barracks  
  42  3:59  Banshee, Marine x2  
  47  4:07  Orbital Command  
  45  4:14  Supply Depot  
  45  4:15  SCV  
  46  4:23  Orbital Command  
  46  4:29  Supply Depot  
  46  4:35  Marine x2  
  46  4:36  Siege Tank, SCV  
  52  4:42  Supply Depot  
  52  4:48  SCV  
  52  4:50  Banshee, Barracks Tech Lab  
  56  4:53  Marine x2  
  56  4:57  Orbital Command  
  58  5:00  SCV  
  59  5:11  Marine x2  
  60  5:16  Marine  
  60  5:20  SCV  
  54  5:25  Siege Tank  
  56  5:29  Marine  
  56  5:30  SCV  
  56  5:32  SCV  
  56  5:35  Banshee, Supply Depot  
  62  5:43  SCV  
  62  5:44  SCV  
  62  5:49  Marine  
  64  5:50  Bunker, Stimpack, Refinery, Marine x2, Engineering Bay  
  64  5:55  SCV  
  64  5:56  SCV  
  69  5:58  Barracks, Supply Depot  
  69  6:07  SCV  
  69  6:08  SCV  
  71  6:13  Supply Depot  
  71  6:14  Marine x3  
  73  6:19  SCV  
  73  6:21  SCV  
  75  6:30  Supply Depot  
  75  6:31  Siege Tank, SCV  
  79  6:33  SCV  
  79  6:37  Starport Reactor  
  77  6:43  SCV  
  77  6:45  SCV  
  76  6:53  Marine x2  
  78  6:56  SCV  
  78  6:57  Terran Infantry Weapons Level 1, SCV, Refinery  
  78  6:58  Barracks  
  78  7:00  Barracks  
  78  7:01  Supply Depot  
  77  7:02  Supply Depot  
  77  7:09  Marine x2  
  77  7:14  Combat Shield  
  82  7:18  SCV x2  
  81  7:26  Factory Reactor  
  78  7:31  Marine x4  
  78  7:32  Medivac x2  
  86  7:48  Barracks Reactor  
  86  7:50  Marauder x2, Marine x2  
  92  7:54  Command Center  
  92  8:04  Widow Mine, Medivac  
  92  8:05  Widow Mine, Medivac  
  99  8:10  Marine x2  
  99  8:11  Marauder x2  
  105  8:15  Supply Depot  
  105  8:16  Supply Depot  
  105  8:26  Marine  
  105  8:27  Marine  
  100  8:30  Armory  
  100  8:32  Marauder x2, Marine x2  
  100  8:33  Widow Mine x2  
  112  8:42  Viking x2  
  116  8:50  Marauder  
  116  8:52  Marine  
  116  8:53  Marine x2  
  116  8:54  Marauder  
  122  9:00  Marauder  
  122  9:01  Widow Mine  
  126  9:09  Supply Depot  
  126  9:10  Supply Depot  
  126  9:12  Orbital Command  
  126  9:21  Medivac x2  
  130  9:24  Marauder x2  
  134  9:34  Orbital Command  
  134  9:37  Marine x4, Marauder  
  136  9:42  SCV x2  
  135  9:46  Marauder  
  135  9:47  Widow Mine  
  138  9:54  Bunker  
  138  9:57  SCV x2  
  136  10:02  SCV  
  135  10:09  SCV  
  135  10:12  Supply Depot  
  135  10:14  Sensor Tower, SCV x2  
  137  10:19  Widow Mine x2  
  138  10:29  SCV x2  
  138  10:30  Marauder x2  
  138  10:33  Marine, Marauder  
  132  10:39  Marine  
  110  10:43  SCV  
Tags
 
Add a new tag
Caveats
  • Supply blocks, unpowered buildings, or Contaminate may cause inaccurate times.
  • Supply counts are checked every 10 seconds.